 Dungeon Crawl Stone Soup version 0.29-a0-490-g77b3608bb8 (webtiles) character file.

Game seed: 7669393129583870217

35 happo123 the Sneak (level 3, -2/20 HPs)
             Began as a Kobold Enchanter on May 26, 2022.
             Slain by Robin
             ... wielding a +0 spear
              (6 damage)
             ... on level 2 of the Dungeon.
             The game lasted 00:03:41 (1548 turns).

happo123 the Sneak (Kobold Enchanter)               Turns: 1548, Time: 00:03:42

Health: -2/20      AC:  2    Str: 11    XL:     3   Next: 52%
Magic:  0/6        EV: 15    Int: 18    God:
Gold:   99         SH:  0    Dex: 15    Spells: 4/6 levels left

rFire   . . .      SeeInvis .   a - +1 dagger
rCold   . . .      Faith    .   (no shield)
rNeg    . . .      Spirit   .   b - +0 robe
rPois   .          Reflect  .   (no helmet)
rElec   .          Harm     .   (no cloak)
rCorr   .          Rampage  .   (no gloves)
Will    .....                   (no boots)
Stlth   ++++......              (no amulet)
HPRegen 0.06/turn               h - +6 ring of strength
MPRegen 0.10/turn               (no ring)

@: no status effects
A: small, no large weapons, nightstalker 3
a: no special abilities


You were on level 2 of the Dungeon.
You visited 1 branch of the dungeon, and saw 2 of its levels.

You collected 99 gold pieces.

Inventory:

Hand Weapons
 a - a +1 dagger (weapon)
Armour
 b - a +0 robe (worn)
 e - a +0 leather armour
 f - a +0 kite shield
Jewellery
 h - a +6 ring of strength (left hand)
Potions
 c - 2 potions of invisibility
 d - a potion of haste {unknown}
 g - a potion of might {unknown}
 i - a potion of heal wounds {unknown}


   Skills:
 + Level 0.4 Fighting
 + Level 2.0 Short Blades
 + Level 2.7 Dodging
 + Level 4.4 Stealth
 + Level 2.4 Spellcasting
 * Level 3.5 Hexes


You had 4 spell levels left.
You knew the following spells:

 Your Spells              Type           Power      Damage    Failure   Level
a - Ensorcelled Hibernat  Hex/Ice        16%        N/A       13%         2

Your spell library contained the following spells:

 Spells                   Type           Power      Damage    Failure   Level
 Confusing Touch          Hex            14%        N/A       12%         3
 Tukima's Dance           Hex            14%        N/A       12%         3
 Dazzling Flash           Conj/Hex       16%        N/A       26%         3


Dungeon Overview and Level Annotations

Branches:
Dungeon (2/15)

Altars:

Annotations:
D:2 Robin


Innate Abilities, Weirdness & Mutations

You are small and have problems with some larger weapons.
You are completely attuned to the shadows.


Message History

The goblins go into a battle-frenzy!
You hit the hobgoblin.
The hobgoblin is severely wounded.
The goblin misses you. The hobgoblin closely misses you.
Robin closely misses you.
You hit the hobgoblin.
The hobgoblin is almost dead.
The goblin hits you with a +0 dagger. The hobgoblin barely misses you.
A hobgoblin comes into view.
Robin hits you from afar with a +0 spear.
Aiming: Ensorcelled Hibernation (safe; 13% risk of failure)
Press: ? - help, Q - select action Shift-Dir - straight line, f - goblin
Aim: a goblin, wielding a +0 dagger (strong, chance to affect: 59%)
The goblin looks drowsy...
The hobgoblin shouts!
The hobgoblin barely misses you.
A goblin comes into view. It is wielding a +0 dagger.
Robin barely misses you.
The helpless goblin fails to defend itself.
You impale the goblin!!
You kill the goblin!
Aiming: Ensorcelled Hibernation (safe; 13% risk of failure)
Press: ? - help, Q - select action Shift-Dir - straight line, f - hobgoblin
Aim: a hobgoblin (almost dead, strong, chance to affect: 59%)
Okay, then.
You hit the hobgoblin.
You kill the hobgoblin!
Robin hits you from afar with a +0 spear.
* * * LOW HITPOINT WARNING * * *
Aiming: Ensorcelled Hibernation (safe; 13% risk of failure)
Press: ? - help, Q - select action Shift-Dir - straight line, f - Robin
Aim: Robin, wielding a +0 spear, wearing a +1 animal skin and wearing a +0 helmet (chance to affect: 50%) Robin resists with some effort.
Robin misses you.
Aiming: Ensorcelled Hibernation (safe; 13% risk of failure)
Press: ? - help, Q - select action Shift-Dir - straight line, f/p - Robin
Aim: Robin, wielding a +0 spear, wearing a +1 animal skin and wearing a +0 helmet (chance to affect: 50%) Robin resists with some effort.
Robin hits you from afar with a +0 spear.
You die...

g# ?# .# ..#
#######.##
#.##.........#
#.##.##.g....#
#.##...........
#@####.<.......
#))ggg.........
#######.......
####+##


You could see Robin, a hobgoblin and a goblin.

Vanquished Creatures
  2 dart slugs (D:1)
  2 bats (D:1)
  4 endoplasms (D:1)
  A giant cockroach (D:1)
  3 hobgoblins
  3 jackals (D:1)
  A kobold (D:1)
  A ball python (D:1)
  2 frilled lizards (D:1)
  6 goblins
  A rat (D:1)
26 creatures vanquished.

Notes
Turn   | Place    | Note
-------+----------+-------------------------------------------
     0 | D:1      | happo123 the Kobold Enchanter began the quest for the Orb.
     0 | D:1      | Reached XP level 1. HP: 10/10 MP: 3/3
     2 | D:1      | You fall into a shaft and drop 1 floor!
   377 | D:1      | Reached XP level 2. HP: 12/15 MP: 5/5
   380 | D:1      | Learned a level 2 spell: Ensorcelled Hibernation
   774 | D:1      | Reached XP level 3. HP: 8/19 MP: 1/6
  1197 | D:1      | Found a faded altar of an unknown god.
  1526 | D:2      | Noticed Robin
  1548 | D:2      | Slain by Robin

Illustrated notes

Levels and vault maps discovered:
D:1:      kennysheep_arrival_seaside, layout_rooms,
          hellmonk_ecumenical_altar_heavens_door, minmay_box_of_dots
D:2:      layout_basic, minmay_tetromino_t4, uniq_crazy_yiuf_cottage, uniq_robin

Skill      XL: |  1  2  3 |
---------------+----------+-----
Short Blades   | 2 |  2.0
Fighting       | |  0.4
Dodging        | |  2.7
Stealth        | |  4.4
Spellcasting   | |  2.4
Hexes          | |  3.5

Action                   || total
-------------------------++-------
Melee: Dagger            ||    83
       Punch             ||     1
 Cast: Ensorcelled Hiber ||     7
 Stab: Sleeping          ||     8
Armor: Robe              ||    16
Dodge: Dodged            ||    78

Table legend: (Time is in decaauts)
 A = Elapsed time spent in this place.
 B = Non-inter-level travel time spent in this place.
 C = Inter-level travel time spent in this place.
 D = Time resting spent in this place.
 E = Time spent auto-exploring this place.
 F = Levels seen in this place.
 G = Mean time per level.
                   A        B        C        D        E       F      G
               +--------+--------+--------+--------+--------+-----+--------+
         Total |   1543 |   1468 |     75 |    528 |    716 |   2 |  771.5 |
       Dungeon |   1543 |   1468 |     75 |    528 |    716 |   2 |  771.5 |
               +--------+--------+--------+--------+--------+-----+--------+

Top non-repeatable levels by time:
     D:1: 1510 daAuts
     D:2: 32 daAuts
